 Dungeon Crawl Stone Soup version 0.14-a0-1168-gf5005bf (console) character file.

8880 Illaniel the Carver (level 11, -1/70 HPs)
             Began as a High Elf Skald on Nov 29, 2013.
             Was an Elder of Okawaru.
             Succumbed to Yermak's ghost's poison
             ... in a volcano.
             The game lasted 01:06:39 (9643 turns).

Illaniel the Carver (High Elf Skald)                Turns: 9643, Time: 01:06:40

HP  -1/70        AC  9     Str 12      XL: 11   Next:  7%
MP  28/28        EV 22     Int 20      God: Okawaru [****..]
Gold 663         SH  0     Dex 14      Spells:  5 memorised, 13 levels left

rFire  + + .     SeeInvis .     a - +1,+5 orc falchion
rCold  x . .     Clarity  .     j - +2 robe {rF+}
rNeg   . . .     Conserve .     (no shield)
rPois  .         rCorr    .     E - +1 helmet
rElec  .         rRot     .     C - +0 elf cloak
SustAb . .       Spirit   .     (no gloves)
rMut   +         Warding  .     (no boots)
Saprov . . .     Stasis   .     r - amulet of resist mutation {unknown}
                                p - +3 ring of evasion
                                P - ring of fire

@: confused, extremely poisoned, heroism, glowing, somewhat resistant to hostile
enchantments, very unstealthy
A: no striking features
a: Heroism, Renounce Religion


You were in a volcano.
You worshipped Okawaru.
Okawaru was greatly pleased with you.
You were not hungry.

You visited 3 branches of the dungeon, and saw 12 of its levels.
You also visited: Sewer and Volcano.

You collected 663 gold pieces.

Inventory:

Hand weapons
 a - a +1,+5 orcish falchion (weapon)
 f - a +2,+0 elven long sword
 k - a +0,+0 orcish falchion
 n - a +0,+0 elven falchion
 s - a +0,+0 sling
 v - a -1 orcish blowgun
 S - a +2,+2 falchion of slicing
Missiles
 q - 19 stones (quivered)
 R - 40 poisoned needles
Armour
 h - a +0 dwarven cloak
 j - a +2 robe of fire resistance (worn)
 C - a +0 elven cloak (worn)
 E - a +1 helmet (worn)
Magical devices
 c - a wand of polymorph (12)
 t - a wand of teleportation (0)
 D - a wand of fire (6)
 N - a wand of disintegration (14)
 O - a wand of confusion (13)
 Q - a wand of paralysis (4)
Comestibles
 d - 6 bread rations
 z - 6 meat rations
 T - a slice of pizza
Jewellery
 l - an uncursed ring of magical power
 p - a +3 ring of evasion (right hand)
 r - an amulet of resist mutation (around neck) {unknown}
 H - an uncursed ring of flight
 P - a ring of fire (left hand)
Potions
 e - a potion of magic
 g - a potion of restore abilities
 m - 2 potions of heal wounds {unknown}
 w - a potion of degeneration
 x - 2 potions of brilliance {unknown}
 B - a potion of confusion {unknown}
 J - a potion of lignification {unknown}
 K - a potion of might {unknown}


   Skills:
 * Level 6.1(11.1) Fighting
 * Level 9.5(14.5) Long Blades
 * Level 5.8(10.8) Armour
 * Level 7.0(12.0) Dodging
 + Level 3.1(8.1) Stealth
 + Level 7.0 Spellcasting
 + Level 2.8 Hexes
 + Level 9.4 Charms
 + Level 2.5 Translocations
 + Level 3.1 Invocations


You had 13 spell levels left.
You knew the following spells:

 Your Spells              Type           Power        Failure   Level  Hunger
a - Infusion              Chrm           #####.       1%          1    None
b - Song of Slaying       Chrm           #####...     1%          2    None
c - Spectral Weapon       Hex/Chrm       ####....     2%          3    #......
h - Shroud of Golubria    Chrm/Tloc      ####......   1%          2    None
r - Regeneration          Chrm/Necr      ####......   6%          3    #......


Dungeon Overview and Level Annotations

Branches:
Dungeon (9/16)             Temple (1/1) D:7            Lair (2/8) D:9
    Orc: D:9-12

Altars:
Ashenzari
Cheibriados
Elyvilon
Fedhas
Kikubaaqudgha
Makhleb
Nemelex Xobeh
Okawaru
Sif Muna
Trog
Vehumet
Xom
Yredelemnul
Zin
the Shining One

Shops:
D:4 (   D:5 (

Annotations:
D:8 exclusion: door Volcano Yermak's ghost, experienced SpEn


Message History

You feel very sick.
You feel a little better. The toenail golem hits you.
* * * LOW HITPOINT WARNING * * *
Your shroud falls apart!
It hits you.
* * * LOW HITPOINT WARNING * * *
You are more poisoned.
You are engulfed in noxious fumes.
You choke on the stench!
You are more confused.
* * * LOW HITPOINT WARNING * * *
You feel sick.
Yermak's ghost appears from thin air!
Reactivating autopickup.
Yermak's ghost hits you.
* * * LOW HITPOINT WARNING * * *
You are more poisoned.
The toenail golem hits you.
* * * LOW HITPOINT WARNING * * *
Ouch! You die...

░≈≈≈≈≈≈#≈≈≈≈##≈≈##≈≈≈#≈#≈≈#≈#
░░▒≈≈##≈▒▒▒▒▒▒▒▒▒▒▒▒▒▒▒▒▒▒▒▒▒
▒≈≈≈≈≈≈▒∙∙∙∙∙∙∙∙∙∙∙∙∙∙∙▒∙∙∙∙
░▒▒▒≈#∙■∙▒▒▒'▒'▒▒▒▒▒'▒∙'∙∩∙∩
▒▒∙∙▒∙∙▒∙∙∙∙[∙▒∙[∙▒∙▒∙∙∙∙
▒▒∙▒▒'▒▒▒▒▒▒▒▒▒▒▒▒▒▒▒▒'▒
▒▒▒∙∙#▒#∙∙∙∙∙≈ΩΩ≈≈▒∙∙[∙
▒▒▒▒▒▒▒▒∙∩∙[#∙∙∙∙∙≈≈Ω≈∙▒∙∙∙∙
▒∙#∙∙'∙∙∙∙∙▒#∙∙∙∙∙∙∙∙∙∙▒∙∙∙∙
▒∙▒▒▒▒▒▒▒▒▒▒▒▒▒▒▒▒▒▒▒▒▒▒▒▒▒▒
▒#▒!$$)[[88@▒ ≈≈≈≈≈≈≈#≈
▒#▒%[[!$$$▒p▒ ░░░#≈≈≈≈≈≈
▒#▒)$$!$∙∙▒∙▒ ▒▒▒▒##≈≈
▒∙▒▒▒▒▒▒▒▒▒∙▒ ▒▒▒≈▒
▒∙∙∙∙∙∙∙∙∙∙∙▒ ▒▒▒
▒▒▒▒▒▒▒▒▒▒▒▒▒


You could see 2 toenail golems and Yermak's ghost.

Vanquished Creatures
  A fire drake (Lair:2)
  Prince Ribbit (D:7)
  A basilisk (D:9)
  A toenail golem (Volcano)
  A hungry ghost (D:7)
  8 yaks
  2 hippogriffs
  6 humans (Volcano)
  A hill giant skeleton (D:9)
  A merfolk (D:7)
  2 orc warriors
  3 porcupines (D:9)
  8 ice beasts
  2 sky beasts
  5 crocodiles
  4 ogres
  Sigmund (D:3)
  8 big kobolds (Sewer)
  A water moccasin (D:8)
  5 giant frogs
  An agate snail (Lair:2)
  A wyvern skeleton (D:7)
  A yak zombie (D:8)
  6 crimson imps
  3 wights (D:6)
  2 big fish (D:7)
  A goliath beetle (D:6)
  2 hounds
  A centaur zombie (D:7)
  Crazy Yiuf (D:2)
  A giant frog skeleton (D:6)
  3 orc priests
  4 orc wizards
  A scorpion (D:5)
  4 iguanas
  7 worker ants
  2 ogre skeletons
  A hound skeleton (D:5)
  16 adders
  4 gnolls (D:8)
  13 green rats
  A giant mite (D:8)
  5 worms
  A giant centipede zombie (D:9)
  3 grey rats
  A giant eyeball (D:4)
  An iguana skeleton (D:3)
  3 giant geckos (D:3)
  3 oozes
  19 orcs
  5 ball pythons
  11 bats
  A bat zombie (D:5)
  9 giant cockroaches
  21 hobgoblins
  12 jackals
  20 kobolds
  4 quokkas
  A ball python skeleton (D:6)
  2 giant cockroach zombies (D:5)
  3 giant newts
  9 goblins
  4 hobgoblin zombies
  A kobold skeleton (D:8)
  19 rats
  A fungus (D:2)
297 creatures vanquished.

Vanquished Creatures (others)
  4 spectral weapons
4 creatures vanquished.

Grand Total: 301 creatures vanquished

Notes
Turn   | Place    | Note
--------------------------------------------------------------
     0 | D:1      | Illaniel, the High Elf Skald, began the quest for the Orb.
     0 | D:1      | Reached XP level 1. HP: 13/13 MP: 4/4
   186 | D:1      | Reached XP level 2. HP: 13/18 MP: 0/6
   275 | D:1      | Reached skill level 4 in Charms
   624 | D:2      | Reached XP level 3. HP: 23/23 MP: 9/9
   628 | D:2      | Learned a level 2 spell: Shroud of Golubria
   632 | D:2      | Learned a level 3 spell: Regeneration
  1354 | D:3      | Noticed Sigmund
  1534 | D:3      | Reached XP level 4. HP: 21/29 MP: 11/11
  1589 | D:3      | Learned a level 3 spell: Spectral Weapon
  2076 | D:4      | Reached skill level 5 in Charms
  2159 | D:4      | Reached XP level 5. HP: 7/34 MP: 5/14
  2943 | D:4      | Found Wuroru Rowk's Antique Weapon Emporium.
  2959 | D:4      | Paralysed by a giant eyeball for 3 turns
  3053 | D:5      | Entered Level 5 of the Dungeon
  3203 | D:5      | Noticed an ogre
  3209 | D:5      | Learned a level 2 spell: Song of Slaying
  3330 | D:5      | Found Psaqinin's Weapon Emporium.
  3353 | D:5      | Reached skill level 5 in Long Blades
  3363 | D:5      | Noticed an ogre
  3385 | D:5      | Reached XP level 6. HP: 12/39 MP: 3/17
  3572 | D:5      | Noticed a sky beast
  3589 | D:5      | Reached skill level 6 in Charms
  3602 | D:5      | Killed a sky beast
  3809 | D:5      | Killed an ogre
  3809 | D:5      | Reached XP level 7. HP: 4/44 MP: 0/20
  3994 | D:5      | Killed an ogre
  3994 | D:5      | Reached skill level 7 in Charms
  4311 | D:6      | Found a shattered altar of Ashenzari.
  4433 | D:6      | Reached skill level 5 in Spellcasting
  4510 | D:6      | Found a glowing drain.
  4532 | Sewer    | Entered a sewer
  4734 | Sewer    | Reached XP level 8. HP: 48/50 MP: 22/22
  4779 | Sewer    | Reached skill level 1 in Armour
  4932 | Sewer    | Reached skill level 8 in Charms
  5562 | D:7      | Reached XP level 9. HP: 54/56 MP: 19/24
  5593 | D:7      | Found a staircase to the Ecumenical Temple.
  5593 | D:7      | Noticed Prince Ribbit
  5616 | D:7      | Killed Prince Ribbit
  5633 | Temple   | Entered the Ecumenical Temple
  5756 | Temple   | Became a worshipper of Warmaster Okawaru
  5867 | D:5      | Noticed a hippogriff
  5880 | D:5      | Killed a hippogriff
  6008 | D:2      | Noticed Crazy Yiuf
  6051 | D:2      | Killed Crazy Yiuf
  6231 | D:3      | Killed Sigmund
  7095 | D:6      | Acquired Okawaru's first power
  7334 | D:7      | Reached skill level 5 in Fighting
  7334 | D:7      | Reached skill level 5 in Dodging
  7551 | D:7      | Reached skill level 1 in Stealth
  7831 | D:8      | Reached skill level 1 in Invocations
  7926 | D:8      | Reached skill level 1 in Hexes
  7926 | D:8      | Reached XP level 10. HP: 30/63 MP: 9/26
  8025 | D:7      | Reached skill level 1 in Translocations
  8065 | D:8      | Reached skill level 9 in Charms
  8473 | D:8      | Reached skill level 5 in Armour
  8771 | D:9      | Found a staircase to the Lair.
  9150 | Lair:1   | Entered Level 1 of the Lair of Beasts
  9432 | Lair:2   | Found a dark tunnel.
  9459 | Volcano  | Entered a volcano
  9534 | Volcano  | Reached XP level 11. HP: 64/70 MP: 12/28
  9582 | Volcano  | Noticed Yermak's ghost (experienced SpEn)
  9643 | Volcano  | Succumbed to Yermak's ghost's poison

Action                   |  1- 3 |  4- 6 |  7- 9 | 10-12 || total
-------------------------+-------+-------+-------+-------++-------
Melee: Falchion          |   111 |   226 |   397 |   222 ||   956
 Fire: Blowgun           |       |       |    59 |     6 ||    65
 Cast: Infusion          |    22 |    27 |    55 |    21 ||   125
       Shroud of Golubri |    10 |    19 |    40 |    16 ||    85
       Regeneration      |     6 |    14 |    17 |    12 ||    49
       Spectral Weapon   |       |    19 |    55 |    26 ||   100
       Song of Slaying   |       |     2 |     9 |     5 ||    16
Invok: Heroism           |       |       |     1 |     7 ||     8
Evoke: Wand              |       |       |     3 |     3 ||     6
  Use: Potion            |       |     3 |     1 |     1 ||     5
       Scroll            |       |     1 |    12 |     3 ||    16
 Stab: Sleeping          |       |     1 |     1 |     2 ||     4
       Distracted        |       |       |     4 |     5 ||     9
